 Dungeon Crawl Stone Soup version 0.21-a0-471-gd587bd5 (webtiles) character file.

274 Zeege the Poker (level 6, -3/41 (42) HPs)
             Began as a Merfolk Skald on Nov 21, 2017.
             Was a Believer of Ru.
             Killed from afar by an orc wizard (8 damage)
             ... with a puff of frost
             ... on level 3 of the Dungeon.
             The game lasted 00:18:24 (4038 turns).

Zeege the Poker (Merfolk Skald)                     Turns: 4038, Time: 00:18:25

HP:   -3/41 (42)    AC:  6    Str: 11    XL:     6   Next: 24%
MP:   11/19         EV: 12    Int: 14    God:    Ru [**....]
Gold: 36            SH:  0    Dex: 14    Spells: 5/11 levels left

rFire    . . .     SeeInvis .   u - +0 halberd
rCold    . . .     Gourm    .   (shield currently unavailable)
rNeg     . . .     Faith    .   b - +1 leather armour
rPois    .         Spirit   .   (no helmet)
rElec    .         Reflect  .   o - +1 cloak
rCorr    .         Harm     .   (no gloves)
MR       .....                  (no boots)
Stlth    +.........             (no amulet)
HPRegen  0.13/turn              v - ring of magical power
MPRegen  0.16/turn              (no ring)

@: very slightly contaminated, glowing, drained
A: change form in water, swift swim, stealthy swim, frail 1
a: Renounce Religion


You were on level 3 of the Dungeon.
You worshipped Ru.
Ru was pleased with you.
You were not hungry.

You visited 1 branch of the dungeon, and saw 3 of its levels.

You collected 36 gold pieces.

Inventory:

Hand Weapons
 a - a +0 falchion
 t - a +0 spear
 u - a +0 halberd (weapon)
Armour
 b - a +1 leather armour (worn)
 o - a +1 cloak (worn)
 q - a +0 robe of positive energy
Jewellery
 r - an uncursed amulet of harm
 v - a ring of magical power (left hand)
Scrolls
 i - 3 scrolls of identify
Potions
 j - 2 potions of flight
 k - a potion of brilliance {unknown}
 m - a potion of degeneration {unknown}
Books
 c - a book of Battle

   Spells                             Type                      Level
   a - Infusion                       Charms                       1
   b - Shroud of Golubria             Charms/Translocation         2
   c - Song of Slaying                Charms                       2
   d - Spectral Weapon                Hexes/Charms                 3
   e - Regeneration                   Charms/Necromancy            3
Comestibles
 d - a bread ration
 n - a meat ration


   Skills:
 - Level 3.1(2.5) Fighting
 - Level 3.0(2.5) Long Blades
 * Level 4.6(4.0) Polearms
 - Level 0.6(0.1) Armour
 - Level 2.7(2.1) Dodging
 - Level 1.1(0.6) Stealth
 - Level 3.1(2.5) Spellcasting
 * Level 4.5(3.9) Charms


You had 5 spell levels left.
You knew the following spells:

 Your Spells              Type           Power        Failure   Level  Hunger
a - Infusion              Chrm           ##..         6%          1    #......
b - Shroud of Golubria    Chrm/Tloc      #.........   21%         2    ###....
c - Regeneration          Chrm/Necr      #.........   36%         3    ###....


Dungeon Overview and Level Annotations

Branches:
Dungeon (3/15)

Altars:
Ru


Innate Abilities, Weirdness & Mutations

You revert to your normal form in water.
You are very nimble and swift while swimming.
You are very stealthy in the water. (Stealth+)
You are frail. (-10% HP)


Message History

Casting: Regeneration
Confirm with . or Enter, or press ? or * to list all spells.
You miscast Shroud of Golubria.
You catch a glimpse of the back of your own head.
The orc wizard hits you but does no damage.
Casting: Shroud of Golubria
Confirm with . or Enter, or press ? or * to list all spells.
You miscast Shroud of Golubria.
Your hands glow momentarily.
The orc wizard begins to cast a spell, but is stunned by your will!
The orc wizard barely misses you.
You closely miss the orc wizard.
The orc wizard is heavily wounded.
The orc wizard hits you with a dagger.
* * * LOW HITPOINT WARNING * * *
The orc wizard completely misses you.
You closely miss the orc wizard.
The orc wizard is heavily wounded.
The orc wizard casts a spell at you. The puff of frost hits you!
You die...

... #.......# #.#.n
#.......# ##.#.
#.......# ...... #
###..#### ......
..####.### ......#
.......# .......####
#.....#
..........###.....##
......o@....)###...#
......!.......)#...#
###........#..[....#
#........#####.<)#
########## #...#
#...# #####


You could see an orc wizard.

Vanquished Creatures
  A necrophage (D:3)
  An orc wizard (D:3)
  5 adders
  4 gnolls
  A leopard gecko (D:2)
  12 orcs
  9 bats
  2 giant cockroaches (D:2)
  6 goblins
  5 hobgoblins
  9 kobolds
  3 quokkas
  3 frilled lizards (D:2)
  9 rats
70 creatures vanquished.

Notes
Turn   | Place    | Note
-------+----------+-------------------------------------------
     0 | D:1      | Zeege the Merfolk Skald began the quest for the Orb.
     0 | D:1      | Reached XP level 1. HP: 16/16 MP: 3/3
   305 | D:1      | Reached XP level 2. HP: 20/23 MP: 1/5
  1137 | D:2      | Reached XP level 3. HP: 24/28 MP: 6/6
  1142 | D:2      | Found a sacrificial altar of Ru.
  1203 | D:2      | Became a worshipper of Ru the Awakened
  1292 | D:2      | Found a faded altar of an unknown god.
  1530 | D:2      | Reached skill level 1 in Stealth
  1530 | D:2      | Reached XP level 4. HP: 17/34 MP: 7/7
  1767 | D:2      | Learned a level 2 spell: Shroud of Golubria
  1771 | D:2      | Learned a level 3 spell: Regeneration
  3123 | D:3      | Reached XP level 5. HP: 31/41 MP: 9/9
  3251 | D:3      | Reached skill level 1 in Polearms
  3297 | D:3      | HP: 2/41 [orc/flail (2)]
  3303 | D:3      | Noticed a necrophage
  3307 | D:2      | HP: 1/41 [orc/flail (4)]
  3649 | D:3      | Gained mutation: You are frail. (-10% HP) [Ru sacrifice]
  3649 | D:3      | Reached * piety under Ru
  3649 | D:3      | Reached ** piety under Ru
  3832 | D:3      | Killed a necrophage
  3832 | D:3      | Reached XP level 6. HP: 30/41 MP: 10/10
  4038 | D:3      | Killed from afar by an orc wizard

Vault maps used:
D:1:      dpeg_arrival_radiant
D:2:      lemuel_round_altar, chequers_ecumenical_altar_island, kennysheep_boxes
D:3:      zin_statuary, cheibriados_altar_1

Skill      XL: |  1  2  3  4  5 |
---------------+----------------+-----
Charms         | 4 |  4.5
Stealth        | 1 |  1.1
Fighting       | 3 |  3.1
Long Blades    | 3 |  3.0
Spellcasting   | 3 |  3.1
Polearms       | 4 |  4.6
Armour         | |  0.6
Dodging        | |  2.7

Action                   |  1- 3 |  4- 6 || total
-------------------------+-------+-------++-------
Melee: Falchion          |    92 |    28 ||   120
       Halberd           |       |   129 ||   129
       Spear             |       |    16 ||    16
 Cast: Infusion          |     7 |     8 ||    15
       Shroud of Golubri |       |     8 ||     8
       Regeneration      |       |     1 ||     1
Invok: Sacrifice Health  |       |     1 ||     1
  Use: Potion            |       |     2 ||     2
       Scroll            |       |     7 ||     7
 Stab: Sleeping          |       |     1 ||     1
  Eat: Chunk             |     2 |     7 ||     9
       Meat ration       |       |     1 ||     1
Armor: Leather armour    |    28 |    79 ||   107
Dodge: Dodged            |    79 |   143 ||   222
       Rpst.: Falchion   |    22 |     4 ||    26

Table legend:
 A = Spawn XP
 B = Non-spawn XP
 C = Spawn XP percentage of total XP
 D = Spawn monster count
 E = Non-spawn monster count
 F = Spawn count percentage of total count
 G = Total turns spent on level
                    A         B        C        D         E        F      G
               +---------+---------+-------+---------+---------+-------+---------
         Total |       0 |     392 |   0.0 |       0 |      70 |   0.0 |  4038
               +---------+---------+-------+---------+---------+-------+---------
           D:1 |       0 |      38 |   0.0 |       0 |      16 |   0.0 |  1416
           D:2 |       0 |     119 |   0.0 |       0 |      31 |   0.0 |  2167
           D:3 |       0 |     235 |   0.0 |       0 |      23 |   0.0 |   455
               +---------+---------+-------+---------+---------+-------+---------
